AoeStats
← bigups

Nomad

510719569Analyzed
4v4 RM · 17h ago on Oct 2, 2026· 28m 53s· 8 players
Game mode
Random Map
Map size
231×231
Population
200
Speed
Normal
Resources
Standard
Victory
Conquest
Starting age
Dark Age
Ending age
Imperial Age
RankedLock teamsTeams togetherTeam positionsShared explorationLock speedFull tech treeHidden civsTurbo modeCheats
Victory
Defeat
🇫🇷 Malay · France
1417
+9
🇨🇳 Muisca · China
1389
+10
🇨🇳 Mongols · China
1362
+11
🇳🇴 Vietnamese · Norway
1327
+14
🇹🇼 Malians · Taiwan
1401
-16
🇨🇳 Tatars · China
1228
-10
🇵🇭 Byzantines · Philippines
1205
-9
🇵🇭 Sicilians · Philippines
1203
-9
Jonsiboi
3:28 Loom
12:36 Feudal Age
15:27 Double-Bit Axe
15:47 Fishing Lines
22:05 Castle Age
21:46 Town Watch
22:34 Crossbowman
23:23 Fletching
24:36 Stone Mining
25:42 Arson
25:58 Squires
27:20 Gillnets
28:23 Scale Mail Armor
28:35 Forging
29:39 Wheelbarrow
N4Th-.-
4:43 Loom
12:37 Feudal Age
14:55 Double-Bit Axe
16:20 Fletching
17:27 Wheelbarrow
16:54 Padded Archer Armor
18:22 Horse Collar
24:51 Castle Age
22:46 Gold Mining
25:00 Bodkin Arrow
24:26 Crossbowman
25:40 Bow Saw
wuy352
5:34 Loom
14:04 Feudal Age
15:14 Double-Bit Axe
17:36 Castle Age
15:57 Gold Mining
16:42 Fishing Lines
18:31 Medium Warships
19:19 Bow Saw
21:24 Forging
21:15 Gillnets
22:46 Iron Casting
22:29 Town Watch
23:20 Wheelbarrow
23:23 Gold Shaft Mining
23:06 Horse Collar
24:31 Heavy Plow
25:40 Hand Cart
31:03 Imperial Age
29:27 Sanctity
29:14 Scale Mail Armor
阳光
5:24 Loom
12:15 Feudal Age
16:19 Castle Age
14:58 Double-Bit Axe
16:09 Horse Collar
16:25 Fletching
18:37 Bodkin Arrow
20:17 Padded Archer Armor
21:18 Wheelbarrow
21:56 Bow Saw
26:38 Town Watch
27:47 Ballistics
31:47 Imperial Age
29:18 Gold Mining
HPP
12:47 Loom
15:51 Feudal Age
17:20 Double-Bit Axe
17:44 Horse Collar
24:01 Castle Age
24:48 Padded Archer Armor
24:19 Elite Skirmisher
ZhongliN
5:18 Loom
15:51 Feudal Age
17:03 Double-Bit Axe
23:04 Castle Age
bigups
5:52 Loom
14:16 Feudal Age
23:34 Castle Age
23:09 Arson
Hawke
4:48 Loom
13:07 Feudal Age
17:22 Castle Age
16:16 Double-Bit Axe
18:33 Wheelbarrow
18:23 Bow Saw
19:06 Scale Mail Armor
19:49 Gambesons
20:05 Squires
19:51 Arson
21:06 Chain Mail Armor
22:21 Medium Warships
22:47 Fletching
24:53 Bodkin Arrow
24:59 Padded Archer Armor
Connection lost

Rejoining the realm…

Still unreachable

The connection could not be restored.

Session expired

The server has moved on; the page needs a fresh start.